[ PARTIDA AOE2 · #513838556 ]
UnrankedEslavos vs Chinese
Equipo del jugador · VICT
Equipo rival · DERR
[ ANÁLISIS DE REPETICIÓN · EXTRAÍDO DE LA PARTIDA GRABADA ]
Feudal
10:58
Castillos
23:04
Imperial
38:27
| APM promedio | 43.7 |
| APM pico | 74 |
| eAPM promedio | 21.2 |
| Aldeanos / militares | 98 / 141 |
Foco
⚔️ 48.5% · 🌾 51.5%
Militia ×95 · Battering Ram ×25 · Skirmisher ×14 · Monk ×4 · Mangonel ×2 · Archer ×1
Feudal
9:03
Castillos
25:27
Imperial
46:20
| APM promedio | 48.8 |
| APM pico | 84 |
| eAPM promedio | 27.3 |
| Aldeanos / militares | 163 / 111 |
Foco
⚔️ 32.4% · 🌾 67.6%
Archer ×45 · Petard ×21 · Skirmisher ×20 · Iron Pagoda ×12 · Knight ×7 · Scout Cavalry ×5
Mapa de la partida
Recursos iniciales + cada clic de construcción. Líneas = muros · curvas = relieve. ◆ oro · ⬟ piedra · ● bayas · ✦ reliquia · ◌ hueco del cierre
Tu base· ✓ Cerrada en 23:04 · 28t muro · 1 puerta(s)
Base de ¡Akbar!· Abierta — hueco de 7t
Terreno inicial suavizado · ◌ = hueco del cierre detectado · pasá el cursor para detalles
Inputs por minuto
— noobyonee - - ¡Akbar!
Build order — noobyonee
Primeras 150 de 286 acciones detectadas
| 0:00 | Encolar | Villager (Male) |
| 0:01 | Encolar | Villager (Male) |
| 0:01 | Encolar | Villager (Male) |
| 0:02 | Construir | House |
| 0:04 | Construir | House |
| 0:17 | Encolar | Villager (Male) |
| 1:24 | Encolar | Villager (Male) |
| 2:00 | Construir | Lumber Camp |
| 2:05 | Encolar | Villager (Male) |
| 2:23 | Construir | House |
| 2:33 | Encolar | Villager (Male) |
| 3:05 | Encolar | Villager (Male) |
| 3:35 | Encolar | Villager (Male) |
| 3:58 | Encolar | Villager (Male) |
| 4:28 | Encolar | Villager (Male) |
| 4:30 | Investigar | Loom |
| 4:36 | Construir | House |
| 5:06 | Encolar | Villager (Male) |
| 5:12 | Encolar | Villager (Male) |
| 5:14 | Construir | Barracks |
| 6:11 | Encolar | Villager (Male) |
| 6:15 | Encolar | Militia |
| 6:19 | Encolar | Militia |
| 6:35 | Encolar | Villager (Male) |
| 6:49 | Construir | Mill |
| 6:56 | Encolar | Militia |
| 7:04 | Encolar | Villager (Male) |
| 7:22 | Encolar | Villager (Male) |
| 7:38 | Encolar | Villager (Male) |
| 8:22 | Construir | Mining Camp |
| 8:48 | Investigar | Feudal Age |
| 10:33 | Encolar | Villager (Male) |
| 10:46 | Construir | Palisade Gate |
| 10:58 | Edad | Edad Feudal |
| 11:01 | Construir | Archery Range |
| 11:13 | Construir | Mill |
| 11:19 | Investigar | Double-Bit Axe |
| 11:19 | Encolar | Villager (Male) |
| 11:31 | Encolar | Villager (Male) |
| 11:34 | Encolar | Militia |
| 11:35 | Investigar | Man-at-Arms (upgrade) |
| 11:41 | Encolar | Skirmisher |
| 11:45 | Construir | House |
| 11:53 | Construir | Palisade Wall |
| 11:56 | Encolar | Villager (Male) |
| 12:07 | Construir | Farm |
| 12:11 | Construir | Farm |
| 12:18 | Encolar | Skirmisher |
| 12:31 | Construir | Palisade Wall |
| 12:38 | Construir | Farm |
| 12:46 | Construir | Palisade Wall |
| 12:46 | Encolar | Villager (Male) |
| 12:48 | Encolar | Skirmisher |
| 12:52 | Construir | Farm |
| 13:07 | Encolar | Militia |
| 13:14 | Construir | Palisade Wall |
| 13:19 | Construir | Farm |
| 13:22 | Encolar | Villager (Male) |
| 13:36 | Construir | Palisade Wall |
| 13:46 | Encolar | Villager (Male) |
| 13:48 | Encolar | Archer |
| 13:54 | Construir | House |
| 14:14 | Encolar | Villager (Male) |
| 14:24 | Construir | Farm |
| 14:26 | Encolar | Villager (Male) |
| 14:31 | Construir | Farm |
| 14:32 | Investigar | Horse Collar |
| 14:37 | Encolar | Skirmisher |
| 15:07 | Encolar | Villager (Male) |
| 15:09 | Construir | Blacksmith |
| 15:11 | Encolar | Skirmisher |
| 15:33 | Construir | Farm |
| 15:36 | Construir | Farm |
| 15:37 | Encolar | Villager (Male) |
| 15:42 | Construir | House |
| 15:43 | Encolar | Skirmisher |
| 15:59 | Investigar | Fletching |
| 16:01 | Construir | House |
| 16:03 | Construir | Palisade Wall |
| 16:04 | Encolar | Villager (Male) |
| 16:11 | Construir | Farm |
| 16:18 | Construir | Farm |
| 16:21 | Encolar | Skirmisher |
| 16:29 | Encolar | Villager (Male) |
| 16:43 | Construir | House |
| 16:47 | Encolar | Skirmisher |
| 16:49 | Encolar | Militia |
| 16:49 | Encolar | Villager (Male) |
| 17:09 | Investigar | Padded Archer Armor |
| 17:13 | Encolar | Villager (Male) |
| 17:14 | Encolar | Skirmisher |
| 17:15 | Encolar | Militia |
| 17:53 | Encolar | Villager (Male) |
| 17:55 | Construir | Farm |
| 17:58 | Construir | Farm |
| 18:03 | Construir | Market |
| 18:06 | Encolar | Skirmisher |
| 18:11 | Encolar | Villager (Male) |
| 18:12 | Encolar | Skirmisher |
| 18:12 | Encolar | Militia |
| 18:27 | Construir | Farm |
| 18:43 | Encolar | Villager (Male) |
| 18:44 | Encolar | Skirmisher |
| 18:44 | Encolar | Militia |
| 18:51 | Construir | Farm |
| 19:21 | Encolar | Villager (Male) |
| 19:22 | Encolar | Skirmisher |
| 19:22 | Encolar | Militia |
| 19:25 | Construir | House |
| 19:27 | Construir | House |
| 20:24 | Investigar | Castle Age |
| 21:22 | Investigar | Forging |
| 21:23 | Encolar | Villager (Male) |
| 21:25 | Construir | Farm |
| 21:25 | Construir | Farm |
| 21:55 | Encolar | Militia |
| 21:55 | Encolar | Militia |
| 22:13 | Encolar | Villager (Male) |
| 22:14 | Encolar | Militia |
| 22:17 | Construir | Farm |
| 22:20 | Construir | Barracks |
| 22:25 | Encolar | Skirmisher |
| 22:25 | Encolar | Militia |
| 22:53 | Investigar | Scale Mail Armor |
| 22:59 | Encolar | Militia |
| 23:04 | Edad | Edad de los Castillos |
| 23:08 | Investigar | Long Swordsman (upgrade) |
| 23:12 | Encolar | Militia |
| 23:14 | Construir | Siege Workshop |
| 23:33 | Encolar | Villager (Male) |
| 23:48 | Investigar | Squires |
| 24:00 | Encolar | Battering Ram |
| 24:02 | Construir | House |
| 24:09 | Encolar | Villager (Male) |
| 24:11 | Encolar | Militia |
| 24:11 | Encolar | Militia |
| 24:31 | Construir | House |
| 24:32 | Construir | House |
| 24:38 | Encolar | Villager (Male) |
| 24:42 | Investigar | Wheelbarrow |
| 24:46 | Construir | Town Center |
| 25:01 | Encolar | Battering Ram |
| 25:18 | Encolar | Militia ×5 |
| 25:21 | Construir | House |
| 25:45 | Encolar | Villager (Male) |
| 25:57 | Encolar | Battering Ram |
| 26:00 | Construir | Farm |
| 26:11 | Encolar | Militia ×3 |
| 26:12 | Encolar | Villager (Male) |
| 26:13 | Construir | Farm |
Build order — ¡Akbar!
Primeras 150 de 424 acciones detectadas
| 0:01 | Investigar | Loom |
| 0:01 | Investigar | Loom |
| 0:49 | Encolar | Villager (Male) |
| 0:49 | Encolar | Villager (Male) |
| 0:49 | Encolar | Villager (Male) |
| 1:17 | Encolar | Villager (Male) |
| 1:17 | Encolar | Villager (Male) |
| 1:17 | Encolar | Villager (Male) |
| 1:44 | Encolar | Villager (Male) |
| 1:44 | Encolar | Villager (Male) |
| 2:10 | Encolar | Villager (Male) |
| 2:11 | Encolar | Villager (Male) |
| 2:32 | Encolar | Villager (Male) |
| 2:32 | Encolar | Villager (Male) |
| 2:44 | Encolar | Villager (Male) |
| 2:44 | Encolar | Villager (Male) |
| 2:53 | Construir | House |
| 2:55 | Construir | House |
| 3:11 | Encolar | Villager (Male) |
| 3:50 | Encolar | Villager (Male) |
| 3:57 | Encolar | Villager (Male) |
| 4:12 | Construir | Lumber Camp |
| 4:35 | Encolar | Villager (Male) |
| 5:01 | Encolar | Villager (Male) |
| 5:33 | Encolar | Villager (Male) |
| 5:55 | Encolar | Villager (Male) |
| 6:14 | Encolar | Villager (Male) |
| 6:17 | Construir | Mill |
| 6:22 | Encolar | Villager (Male) |
| 6:53 | Investigar | Feudal Age |
| 6:53 | Investigar | Feudal Age |
| 7:19 | Encolar | Villager (Male) |
| 7:19 | Encolar | Villager (Male) |
| 7:47 | Construir | House |
| 8:09 | Construir | Mill |
| 8:14 | Construir | House |
| 8:38 | Construir | House |
| 8:47 | Construir | Palisade Wall |
| 8:54 | Construir | Palisade Wall |
| 8:56 | Construir | Palisade Wall |
| 9:03 | Edad | Edad Feudal |
| 9:04 | Construir | Palisade Wall |
| 9:06 | Construir | Palisade Wall |
| 9:11 | Construir | Barracks |
| 9:13 | Construir | House |
| 9:19 | Encolar | Villager (Male) |
| 9:24 | Construir | Palisade Gate |
| 9:30 | Construir | Palisade Wall |
| 9:31 | Construir | Palisade Wall |
| 9:33 | Construir | Palisade Wall |
| 9:58 | Construir | House |
| 10:10 | Encolar | Villager (Male) |
| 10:31 | Investigar | Double-Bit Axe |
| 10:33 | Encolar | Villager (Male) |
| 11:00 | Encolar | Villager (Male) |
| 11:13 | Construir | Archery Range |
| 11:15 | Construir | Palisade Wall |
| 11:17 | Construir | Palisade Wall |
| 11:18 | Construir | Palisade Wall |
| 11:20 | Encolar | Villager (Male) |
| 11:24 | Encolar | Spearman |
| 11:32 | Encolar | Villager (Male) |
| 11:49 | Construir | Mining Camp |
| 12:00 | Encolar | Villager (Male) |
| 12:09 | Construir | Palisade Wall |
| 12:17 | Construir | Farm |
| 12:17 | Encolar | Villager (Male) |
| 12:18 | Investigar | Horse Collar |
| 12:20 | Construir | Palisade Wall |
| 12:22 | Construir | Palisade Wall |
| 12:27 | Construir | House |
| 12:29 | Encolar | Skirmisher |
| 12:29 | Encolar | Skirmisher |
| 12:41 | Construir | Palisade Wall |
| 12:42 | Construir | Palisade Wall |
| 12:50 | Construir | Palisade Wall |
| 12:51 | Construir | Palisade Wall |
| 12:55 | Encolar | Villager (Male) |
| 12:59 | Encolar | Archer |
| 13:00 | Encolar | Archer |
| 13:22 | Encolar | Villager (Male) |
| 13:30 | Construir | Blacksmith |
| 13:34 | Encolar | Villager (Male) |
| 13:38 | Construir | Palisade Wall |
| 13:46 | Encolar | Archer |
| 14:11 | Investigar | Fletching |
| 14:18 | Encolar | Villager (Male) |
| 14:28 | Construir | Market |
| 14:30 | Construir | House |
| 14:31 | Construir | House |
| 14:32 | Construir | House |
| 14:34 | Encolar | Villager (Male) |
| 14:36 | Encolar | Archer |
| 14:36 | Encolar | Archer |
| 15:00 | Investigar | Padded Archer Armor |
| 15:08 | Encolar | Villager (Male) |
| 15:14 | Encolar | Archer |
| 15:32 | Encolar | Villager (Male) |
| 15:32 | Encolar | Villager (Male) |
| 15:40 | Construir | Farm |
| 15:44 | Encolar | Archer |
| 15:51 | Construir | Archery Range |
| 15:57 | Encolar | Villager (Male) |
| 15:58 | Encolar | Villager (Male) |
| 16:06 | Construir | Lumber Camp |
| 16:15 | Construir | Farm |
| 16:24 | Encolar | Archer |
| 16:24 | Encolar | Archer |
| 16:30 | Encolar | Villager (Male) |
| 16:30 | Encolar | Villager (Male) |
| 16:32 | Construir | Palisade Wall |
| 16:46 | Construir | Farm |
| 16:58 | Construir | Farm |
| 17:03 | Construir | Farm |
| 17:11 | Encolar | Villager (Male) |
| 17:19 | Construir | Farm |
| 17:22 | Construir | Farm |
| 17:25 | Construir | Farm |
| 17:28 | Construir | Farm |
| 17:44 | Encolar | Villager (Male) |
| 17:45 | Encolar | Villager (Male) |
| 17:48 | Construir | Farm |
| 17:52 | Construir | Farm |
| 17:55 | Construir | Farm |
| 18:07 | Encolar | Archer |
| 18:07 | Encolar | Archer |
| 18:11 | Encolar | Villager (Male) |
| 18:11 | Encolar | Villager (Male) |
| 18:14 | Construir | Farm |
| 18:17 | Construir | Farm |
| 18:24 | Construir | Farm |
| 18:35 | Encolar | Archer |
| 18:35 | Encolar | Archer |
| 18:35 | Encolar | Archer |
| 18:36 | Encolar | Villager (Male) |
| 18:36 | Encolar | Villager (Male) |
| 18:38 | Encolar | Villager (Male) |
| 18:38 | Encolar | Villager (Male) |
| 18:49 | Encolar | Skirmisher |
| 18:49 | Encolar | Skirmisher |
| 19:05 | Encolar | Skirmisher |
| 19:07 | Encolar | Skirmisher |
| 19:08 | Encolar | Skirmisher |
| 19:13 | Construir | House |
| 19:15 | Construir | Palisade Wall |
| 19:26 | Encolar | Skirmisher |
| 19:28 | Encolar | Skirmisher |
| 19:31 | Encolar | Villager (Male) |
| 19:31 | Encolar | Villager (Male) |
| 19:40 | Construir | Lumber Camp |
Cronología de la partida
| 5:14 | noobyonee · first_building Barracks |
| 8:47 | ¡Akbar! · wall_segment Palisade Wall x5 |
| 8:54 | ¡Akbar! · wall_segment Palisade Wall x1 |
| 8:56 | ¡Akbar! · wall_segment Palisade Wall x1 |
| 9:03 | ¡Akbar! · age_up feudal |
| 9:04 | ¡Akbar! · wall_segment Palisade Wall x1 |
| 9:06 | ¡Akbar! · wall_segment Palisade Wall x1 |
| 9:11 | ¡Akbar! · first_building Barracks |
| 9:30 | ¡Akbar! · wall_segment Palisade Wall x1 |
| 9:31 | ¡Akbar! · wall_segment Palisade Wall x1 |
| 9:33 | ¡Akbar! · wall_segment Palisade Wall x1 |
| 10:58 | noobyonee · age_up feudal |
| 11:01 | noobyonee · first_building Archery Range |
| 11:13 | ¡Akbar! · first_building Archery Range |
| 11:15 | ¡Akbar! · wall_segment Palisade Wall x1 |
| 11:17 | ¡Akbar! · wall_segment Palisade Wall x1 |
| 11:18 | ¡Akbar! · wall_segment Palisade Wall x1 |
| 11:53 | noobyonee · wall_segment Palisade Wall x3 |
| 12:09 | ¡Akbar! · wall_segment Palisade Wall x1 |
| 12:20 | ¡Akbar! · wall_segment Palisade Wall x1 |
| 12:22 | ¡Akbar! · wall_segment Palisade Wall x1 |
| 12:31 | noobyonee · wall_segment Palisade Wall x7 |
| 12:41 | ¡Akbar! · wall_segment Palisade Wall x1 |
| 12:42 | ¡Akbar! · wall_segment Palisade Wall x1 |
| 12:46 | noobyonee · wall_segment Palisade Wall x3 |
| 12:50 | ¡Akbar! · wall_segment Palisade Wall x4 |
| 12:51 | ¡Akbar! · wall_segment Palisade Wall x1 |
| 13:14 | noobyonee · wall_segment Palisade Wall x5 |
| 13:36 | noobyonee · wall_segment Palisade Wall x3 |
| 13:38 | ¡Akbar! · wall_segment Palisade Wall x1 |
| 16:03 | noobyonee · wall_segment Palisade Wall x7 |
| 16:32 | ¡Akbar! · wall_segment Palisade Wall x1 |
| 17:20 | ¡Akbar! · first_market_buy 100 wood |
| 19:15 | ¡Akbar! · wall_segment Palisade Wall x1 |
| 19:49 | noobyonee · first_market_sell 100 wood |
| 19:50 | noobyonee · first_market_buy 100 food |
| 22:21 | ¡Akbar! · first_market_sell 100 wood |
| 23:04 | noobyonee · age_up castle |
| 23:14 | noobyonee · first_building Siege Workshop |
| 24:12 | ¡Akbar! · first_building Stable |
| 25:27 | ¡Akbar! · age_up castle |
| 25:35 | ¡Akbar! · first_building Monastery |
| 27:34 | noobyonee · first_building Monastery |
| 27:35 | ¡Akbar! · first_building Siege Workshop |
| 33:58 | ¡Akbar! · first_building Castle |
| 38:27 | noobyonee · age_up imperial |
| 39:37 | ¡Akbar! · wall_segment Stone Wall x1 |
| 39:38 | ¡Akbar! · wall_segment Stone Wall x1 |
| 39:43 | ¡Akbar! · wall_segment Stone Wall x1 |
| 39:45 | ¡Akbar! · wall_segment Stone Wall x1 |
| 39:47 | ¡Akbar! · wall_segment Stone Wall x1 |
| 39:48 | ¡Akbar! · wall_segment Stone Wall x1 |
| 39:51 | ¡Akbar! · wall_segment Stone Wall x1 |
| 39:52 | ¡Akbar! · wall_segment Stone Wall x1 |
| 40:11 | ¡Akbar! · wall_segment Stone Wall x4 |
| 40:13 | ¡Akbar! · wall_segment Stone Wall x3 |
| 40:15 | ¡Akbar! · wall_segment Stone Wall x1 |
| 45:14 | noobyonee · first_building Castle |
| 46:20 | ¡Akbar! · age_up imperial |
| 48:33 | ¡Akbar! · resign |
[ ANÁLISIS IA · 1 CRÉDITO ]
¿Qué pasó realmente en esta partida?
Wolo.gg analiza cada decisión: build order, eco, micro, errores típicos por bracket. Análisis personalizado por WhatsApp o Discord en 30 segundos.
Guía civ
Eslavos
Perfil
Jugador #2062797